 Dungeon Crawl Stone Soup version 0.26.1-11-gd32895ea62 (webtiles) character file.

Game seed: 646904615721286439

63 Descartes the Chucker (level 3, -1/30 (33) HPs)
             Began as a Troll Hunter on June 24, 2021.
             Slain by a human (8 damage)
             ... on level 2 of the Dungeon.
             The game lasted 00:02:37 (1374 turns).

Descartes the Chucker (Troll Hunter)                Turns: 1374, Time: 00:02:37

HP:   -1/30 (33)    AC: 10    Str: 20    XL:     3   Next: 89%
MP:   2/2           EV: 10    Int:  8    God:
Gold: 48            SH:  0    Dex: 10    Spells: 2/2 levels left

rFire    . . .     SeeInvis .     - Unarmed
rCold    . . .     Faith    .   (no shield)
rNeg     . . .     Spirit   .   b - +0 robe
rPois    .         Reflect  .   (helmet restricted)
rElec    .         Harm     .   (no cloak)
rCorr    .         Rampage  .   (gloves unavailable)
Will     .....                  (boots unavailable)
Stlth    +.........             i - amulet of magic regeneration
HPRegen  0.50/turn              j - +4 ring of protection
MPRegen  0.33/turn              (no ring)

@: drained
A: large, unfitting armour, claws 3, regeneration 1, shaggy fur 1, tough skin 3
a: no special abilities


You were on level 2 of the Dungeon.
You visited 1 branch of the dungeon, and saw 2 of its levels.

You collected 48 gold pieces.

Inventory:

Missiles
 c - 5 large rocks (quivered)
 d - 2 throwing nets
 f - 40 bolts
 g - 144 stones
 k - 37 arrows
Armour
 b - a +0 robe (worn)
Jewellery
 i - an amulet of magic regeneration (around neck)
 j - a +4 ring of protection (left claw)
Scrolls
 e - 2 scrolls of identify {unknown}
 l - 2 scrolls of remove curse {unknown}
 o - a scroll of fear {unknown}
 p - 3 scrolls of immolation {unknown}
 q - a scroll of random uselessness {unknown}
 s - a scroll of enchant armour {unknown}
Potions
 a - 2 potions of resistance {unknown}
 h - a potion of haste {unknown}
 m - a potion of heal wounds {unknown}
 n - a potion of cancellation {unknown}
 r - a potion of degeneration {unknown}


   Skills:
 - Level 1.5 Fighting
 + Level 4.4 Throwing
 - Level 1.5 Dodging
 - Level 0.3 Stealth
 + Level 2.4 Unarmed Combat


You had 2 spell levels left.
You didn't know any spells.
Your spell library contained the following spells:

 Spells                   Type           Power        Failure   Level
 Beastly Appendage        Tmut           0%           41%         1
 Wereblood                Tmut           0%           54%         2
 Spider Form              Tmut/Pois      0%           78%         3
 Ice Form                 Ice/Tmut       0%           99%         4
 Blade Hands              Tmut           0%           100%        5


Dungeon Overview and Level Annotations

Branches:
Dungeon (2/15)

Altars:
Yredelemnul


Innate Abilities, Weirdness & Mutations

You are too large for most types of armour.
You have claws for hands.
Your natural rate of healing is unusually fast.
You are covered in fur. (AC +1)
You have extremely tough skin. (AC +3)


Message History

You scratch the human.
The human is heavily wounded.
The human hits you!
You claw the human!
The human is severely wounded.
The human barely misses you.
You scratch the human.
The human is severely wounded.
The human hits you.
You scratch the human but do no damage.
The human is severely wounded.
The human hits you!
* * * LOW HITPOINT WARNING * * *
You scratch the human but do no damage.
The human is severely wounded.
The human barely misses you.
You scratch the human.
The human is almost dead.
The human hits you!
You die...

#.#####$......#
#.######......#
##.##...#.###.##
...##._.#.'.#.#
...##...#.###.######
...######..........#
...#####...........#
......##8..........#
......#.........@..#
......#........(p..#
##'####............#
##.####............#
...................+
.#.####..##........#
.........###########
....#<.....
.######..#.#


You could see a human.

Vanquished Creatures
  A gnoll (D:1)
  An ooze (D:1)
  3 dart slugs (D:1)
  2 bats (D:1)
  A giant cockroach (D:1)
  3 goblins
  7 hobgoblins
  7 jackals (D:1)
  2 quokkas (D:2)
  A ball python (D:2)
  3 frilled lizards (D:2)
  A goblin skeleton (D:2)
  5 kobolds
  3 rats
40 creatures vanquished.

Notes
Turn   | Place    | Note
-------+----------+-------------------------------------------
     0 | D:1      | Descartes the Troll Hunter began the quest for the Orb.
     0 | D:1      | Reached XP level 1. HP: 19/19 MP: 0/0
   181 | D:1      | Reached skill level 1 in Unarmed Combat
   199 | D:1      | Reached XP level 2. HP: 27/27 MP: 1/1
   258 | D:1      | Reached skill level 4 in Throwing
   286 | D:1      | Reached XP level 3. HP: 25/26 MP: 2/2
  1294 | D:2      | Found a runed translucent door.
  1294 | D:2      | Noticed a human
  1302 | D:2      | Found a basalt altar of Yredelemnul.
  1374 | D:2      | Slain by a human

Illustrated notes

Levels and vault maps discovered:
D:1:      wander_arrival_chamber, layout_basic, st_stairs_7, dk_noncrumbling_4,
          kennysheep_nondescript
D:2:      layout_basic, dk_yredelemnul_ordeal

Skill      XL: |  1  2  3 |
---------------+----------+-----
Unarmed Combat | 1 2 |  2.4
Throwing       | 4 |  4.4
Fighting       | |  1.5
Dodging        | |  1.5
Stealth        | |  0.3

Action                   || total
-------------------------++-------
Melee: Short sword       ||    37
       Unarmed           ||   118
Armor: Robe              ||    56
Dodge: Dodged            ||    87
